 Dungeon Crawl Stone Soup version 0.20.0-15-g7f486f2 (webtiles) character file.

65 Mellonil the Firebug (level 3, 26/26 HPs)
             Began as a Draconian Fire Elementalist on June 16, 2017.
             Quit the game on level 2 of the Dungeon on June 17, 2017.
             The game lasted 00:09:12 (1470 turns).

Mellonil the Firebug (Draconian Fire Elementalist)  Turns: 1470, Time: 00:09:13

Health: 26/26      AC:  5    Str: 10    XL:     3   Next: 94%
Magic:  7/7        EV: 12    Int: 16    God:
Gold:   45         SH:  0    Dex: 11    Spells: 6/7 levels left

rFire    . . .     SeeInvis .   d - +0 dagger
rCold    . . .     Gourm    .   (no shield)
rNeg     . . .     Faith    .   (armour unavailable)
rPois    .         Spirit   .   (helmet restricted)
rElec    .         Reflect  .   (no cloak)
rCorr    .         Harm     .   (no gloves)
MR       .....                  (no boots)
Stlth    ++........             (no amulet)
Regen    0.1/turn               (no ring)
MPRegen  0.1/turn               (no ring)

@: no status effects
A: unfitting armour, cold-blooded, AC +5
a: no special abilities


You were on level 2 of the Dungeon.
You were not hungry.

You visited 1 branch of the dungeon, and saw 2 of its levels.

You collected 45 gold pieces.

Inventory:

Hand Weapons
 d - a +0 dagger (weapon)
Scrolls
 f - a scroll of amnesia {unknown}
 h - a scroll of enchant weapon {unknown}
 i - a scroll of identify {unknown}
Potions
 c - 2 potions of curing {unknown}
 e - a potion of heal wounds {unknown}
 g - a potion of mutation {unknown}
 j - a potion of degeneration {unknown}
Books
 a - a book of Flames

   Spells                             Type                      Level
   a - Flame Tongue                   Conjuration/Fire             1
   b - Throw Flame                    Conjuration/Fire             2
   c - Conjure Flame                  Conjuration/Fire             3
   d - Inner Flame                    Hexes/Fire                   3
   e - Sticky Flame                   Conjuration/Fire             4
   f - Fireball                       Conjuration/Fire             5
Comestibles
 b - a bread ration


   Skills:
 * Level 2.5 Dodging
 - Level 1.7 Stealth
 * Level 2.7 Spellcasting
 + Level 1.6 Conjurations
 + Level 3.4 Fire Magic


You had 6 spell levels left.
You knew the following spells:

 Your Spells              Type           Power        Failure   Level  Hunger
a - Flame Tongue          Conj/Fire      ##...        7%          1    #......


Dungeon Overview and Level Annotations

Branches:
Dungeon (2/15)

Altars:
Vehumet
Xom


Innate Abilities, Weirdness & Mutations

Your plain brown scales are hard. (AC +5)
You cannot fit into any form of body armour.
You are cold-blooded and may be slowed by cold attacks.


Message History

Casting: Flame Tongue
Confirm with . or Enter, or press ? or * to list all spells.
Aiming: Flame Tongue
Press: ? - help, Shift-Dir - straight line, f - worm
Aim: a worm (severely wounded)
The flame tongue hits the worm.
You kill the worm!
You start resting.
HP restored.
You start resting.
Magic restored.
You butcher the bat corpse.
k - a chunk of flesh Eating a chunk of flesh.
You eat the chunk of flesh.
This raw flesh tastes terrible.
Found a radiant altar of Vehumet.
There is a radiant altar of Vehumet here.
A rat comes into view.
Welcome back, Mellonil the Draconian Fire Elementalist.
Press ? for a list of commands and other information.
Are you sure you want to abandon this character and quit the game? (Confirm with "yes".)

##########..#####.#
#...#...##.......#
###.##.##.##.##.####
#_##.##.##.........#
##.##.##.###....>..#
##..###..##..<....#
#### ######......#
#.........#
#@#.......#
#.#.......#
..######### #.## #.
.. .r #..


You could see a rat.

Vanquished Creatures
  Terence (D:1)
  An ooze (D:2)
  A worm (D:2)
  2 leopard geckos (D:1)
  2 giant cockroaches
  8 goblins
  A hobgoblin (D:1)
  3 bats
  2 frilled lizards (D:1)
  5 kobolds
  6 rats
32 creatures vanquished.

Notes
Turn   | Place    | Note
-------+----------+-------------------------------------------
     0 | D:1      | Mellonil the Draconian Fire Elementalist began the quest for the Orb.
     0 | D:1      | Reached XP level 1. HP: 14/14 MP: 3/3
   256 | D:1      | Reached XP level 2. HP: 20/20 MP: 3/5
   624 | D:1      | Found a shimmering altar of Xom.
  1051 | D:2      | Reached XP level 3. HP: 22/26 MP: 3/6
  1144 | D:2      | Noticed Terence
  1169 | D:1      | Killed Terence
  1446 | D:2      | Found a radiant altar of Vehumet.
  1470 | D:2      | Quit the game

Skill      XL: |  1  2 |
---------------+-------+-----
Dodging        | 2 |  2.5
Stealth        | |  1.7
Spellcasting   | |  2.7
Conjurations   | |  1.6
Fire Magic     | |  3.4

Action                   || total
-------------------------++-------
Melee: Dagger            ||     4
 Cast: Flame Tongue      ||    56
 Stab: Sleeping          ||     1
  Eat: Chunk             ||     2
Armor: Skin              ||     2
Dodge: Dodged            ||    12
